AoeStats
← tavoo

Hideout

507856461Analyzed
1v1 RM · 14d ago on Sep 20, 2026· 44m 40s· 2 players
Game mode
Random Map
Map size
Tiny (2 player)
Population
200
Speed
Normal
Resources
Standard
Victory
Conquest
Starting age
Dark Age
Ending age
Imperial Age
RankedLock teamsTeams togetherTeam positionsShared explorationLock speedFull tech treeHidden civsTurbo modeCheats
Victory
Defeat
🇺🇸 Lithuanians · United States
1390
+15
🇲🇽 Cumans · Mexico
1375
-15
tavoo
7:29 Loom
9:49 Feudal Age
11:05 Double-Bit Axe
17:30 Castle Age
16:39 Wheelbarrow
23:21 Fletching
26:48 Forging
28:43 Fervor
29:15 Wheelbarrow
29:20 Scale Barding Armor
30:41 Horse Collar
32:26 Chain Barding Armor
35:29 Imperial Age
33:25 Bloodlines
33:58 Iron Casting
33:22 Town Watch
34:25 Hand Cart
34:23 Capped Ram
35:46 Cavalier
37:39 Plate Barding Armor
37:49 Light Cavalry
38:54 Conscription
38:40 Padded Archer Armor
39:19 Bow Saw
39:41 Town Patrol
39:35 Gold Mining
40:22 Heavy Plow
41:57 Blast Furnace
41:59 Bodkin Arrow
43:30 Leather Archer Armor
44:21 Two-Man Saw
Financial Panther
6:47 Loom
9:32 Feudal Age
13:47 Castle Age
11:58 Double-Bit Axe
12:43 Horse Collar
14:46 Loom
21:28 Bloodlines
23:01 Scale Barding Armor
23:24 Fletching
24:16 Husbandry
24:46 Forging
27:19 Padded Archer Armor
27:15 Bodkin Arrow
28:19 Leather Archer Armor
27:52 Elite Skirmisher
31:01 Chain Barding Armor
33:34 Wheelbarrow
32:46 Town Watch
33:29 Gold Mining
36:15 Imperial Age
34:51 Iron Casting
35:09 Stone Mining
37:32 Plate Barding Armor
37:00 Bracer
38:30 Hand Cart
38:56 Bow Saw
39:28 Conscription
39:30 Heavy Plow
40:26 Plate Barding Armor
40:29 Ring Archer Armor
40:59 Stone Shaft Mining
40:08 Elite Leitis
42:42 Chemistry
42:14 Ballistics
45:04 Masonry
Connection lost

Rejoining the realm…

Still unreachable

The connection could not be restored.

Session expired

The server has moved on; the page needs a fresh start.